 Dungeon Crawl Stone Soup version 0.25-a0-289-g406d6369f5 (webtiles) character file.

Game seed: 17121770009444337166, levelgen mode: deterministic

118437 MrRokkomies the Thaumaturge (level 16, -3/124 HPs)
             Began as a Gnoll Wanderer on Dec 13, 2019.
             Was a High Priest of Sif Muna.
             Slain by a two-headed ogre
             ... wielding a +0 giant club
              (12 damage)
             ... on level 15 of the Dungeon.
             The game lasted 02:18:48 (35950 turns).

MrRokkomies the Thaumaturge (Gnoll Wanderer)       Turns: 35950, Time: 02:18:52

Health: -3/124     AC: 15    Str: 13    XL:     16   Next: 76%
Magic:  16/31      EV: 23    Int: 20    God:    Sif Muna [*****.]
Gold:   424        SH:  4    Dex: 18    Spells: 4/38 levels left

rFire    + . .     SeeInvis .   a - +7 captain's cutlass {speed, disarm}
rCold    + . .     Gourm    .   (no shield)
rNeg     . . .     Faith    .   L - +2 robe {MR+}
rPois    .         Spirit   .   s - +1 hat
rElec    +         Reflect  .   i - +2 cloak
rCorr    .         Harm     .   g - +1 pair of gloves
MR       ++...                  C - +2 pair of boots of Kenergh {rElec rC+}
Stlth    +++++.....             W - amulet of magic regeneration
HPRegen  0.30/turn              x - +6 ring of slaying
MPRegen  0.47/turn              p - ring of protection from fire

@: marked, very slightly contaminated
A: distributed training, fangs 1, repulsion field 1, large bone plates 1, strong
nose
a: Channel Magic, Forget Spell, Divine Exegesis, Renounce Religion


You were on level 15 of the Dungeon.
You worshipped Sif Muna.
Sif Muna was extremely pleased with you.
You were very hungry.

You visited 4 branches of the dungeon, and saw 24 of its levels.
You also visited: Ossuary and Ice Cave.

You collected 3391 gold pieces.
You spent 2967 gold pieces at shops.

Inventory:

Hand Weapons
 a - the +7 captain's cutlass (weapon) {speed, disarm}
   (You bought it in a shop on level 11 of the Dungeon)

   Attacks with this weapon are significantly faster.
 b - a +5 shortbow of electrocution
Missiles
 d - 4 throwing nets (quivered)
 t - 534 arrows
 K - 7 curare-tipped darts
 R - 2 datura-tipped darts
Armour
 g - a +1 pair of gloves (worn)
 i - a +2 cloak (worn)
 s - a +1 hat (worn)
 C - the +2 pair of boots of Kenergh (worn) {rElec rC+}
   (You found it on level 2 of the Lair of Beasts)

   It protects you from cold.
   It insulates you from electricity.
 L - a +2 robe of magic resistance (worn)
Jewellery
 m - an uncursed ring of see invisible
 p - a ring of protection from fire (right hand)
 q - an uncursed ring of protection from magic
 x - a +6 ring of slaying (left hand)
 T - an uncursed ring of poison resistance
 W - an amulet of magic regeneration (around neck)
Wands
 v - a wand of acid (20)
 A - a wand of enslavement (18)
 G - a wand of clouds (5)
 I - a wand of disintegration (10)
 J - a wand of iceblast (5)
 P - a wand of digging (6)
 Q - a wand of paralysis (3)
Scrolls
 l - 2 scrolls of identify
 n - 3 scrolls of immolation
 o - 15 scrolls of remove curse
 w - 3 scrolls of fog
 y - 6 scrolls of teleportation
 E - 3 scrolls of enchant armour
 F - 4 scrolls of fear
 U - a scroll of amnesia
 Y - 3 scrolls of blinking
Potions
 c - 2 potions of invisibility
 e - 6 potions of curing
 j - 2 potions of resistance
 k - 4 potions of agility
 r - 3 potions of magic
 z - 2 potions of ambrosia
 B - 2 potions of brilliance
 D - 7 potions of flight
 H - 4 potions of haste
 N - 3 potions of berserk rage
 O - 2 potions of might
 X - a potion of heal wounds
Miscellaneous
 h - a lamp of fire
 u - a sack of spiders
 M - a lightning rod (4/4)
 V - a phial of floods
Comestibles
 f - 27 rations


   Skills:
 + Level 10.9 Fighting
 + Level 10.9 Short Blades
 + Level 10.9 Long Blades
 + Level 10.9 Axes
 + Level 11.7 Maces & Flails
 + Level 10.9 Polearms
 + Level 10.9 Staves
 + Level 10.9 Slings
 + Level 10.9 Bows
 + Level 10.9 Crossbows
 + Level 11.7 Throwing
 + Level 11.1 Armour
 + Level 10.9 Dodging
 + Level 10.9 Stealth
 + Level 10.9 Shields
 + Level 10.9 Unarmed Combat
 + Level 11.8 Spellcasting
 + Level 9.2 Conjurations
 + Level 9.2 Hexes
 + Level 9.2 Charms
 + Level 9.2 Summonings
 + Level 9.5 Necromancy
 + Level 9.2 Translocations
 + Level 9.2 Transmutations
 + Level 9.2 Fire Magic
 + Level 9.2 Ice Magic
 + Level 9.2 Air Magic
 + Level 9.2 Earth Magic
 + Level 10.0 Poison Magic
 + Level 11.7 Invocations
 + Level 10.9 Evocations


You had 4 spell levels left.
You knew the following spells:

 Your Spells              Type           Power        Failure   Level  Hunger
a - Irradiate             Conj/Tmut      #####.....   3%          5    ####...
b - Starburst             Conj/Fire      #####.....   21%         6    ######.
c - Blink                 Tloc           N/A          1%          2    None
d - Summon Butterflies    Summ           #####...     1%          1    None
e - Confusing Touch       Hex            #####.       1%          1    None
f - Searing Ray           Conj           #####.       1%          2    None
g - Iskenderun's Mystic   Conj/Tloc      #####...     1%          4    #......
h - Sticky Flame          Conj/Fire      #####...     1%          4    #......
i - Summon Lightning Spi  Summ/Air       #####...     1%          4    #......
j - Fireball              Conj/Fire      #####.....   3%          5    ####...

Your spell library contained the following spells:

 Spells                   Type           Power        Failure   Level  Hunger
 Animate Skeleton         Necr           N/A          1%          1    None
 Apportation              Tloc           #####.       1%          1    None
 Beastly Appendage        Tmut           #####.       1%          1    None
 Corona                   Hex            #####..      1%          1    None
 Foxfire                  Conj/Fire      ####         1%          1    None
 Magic Dart               Conj           ####         1%          1    None
 Pain                     Necr           ####         1%          1    None
 Shock                    Conj/Air       ####         1%          1    None
 Sting                    Tmut/Pois      ####         1%          1    None
 Summon Small Mammal      Summ           ####         1%          1    None
 Call Imp                 Summ           #####...     1%          2    None
 Ensorcelled Hibernation  Hex/Ice        #####.       1%          2    None
 Slow                     Hex            #####...     1%          2    None
 Sticks to Snakes         Tmut           #####...     1%          2    None
 Swiftness                Chrm/Air       #####...     1%          2    None
 Confuse                  Hex            #####...     1%          3    None
 Conjure Flame            Conj/Fire      #####...     1%          3    None
 Dazzling Flash           Conj/Hex       #####.       1%          3    None
 Gell's Gravitas          Tloc           #####.....   1%          3    None
 Ignite Poison            Fire/Tmut/Pois #####...     1%          3    None
 Inner Flame              Hex/Fire       #####...     1%          3    None
 Mephitic Cloud           Conj/Pois/Air  #####...     1%          3    None
 Regeneration             Chrm/Necr      #####.....   1%          3    None
 Spectral Weapon          Hex/Chrm       #####...     1%          3    None
 Spider Form              Tmut/Pois      ######....   1%          3    None
 Static Discharge         Conj/Air       #####...     1%          3    None
 Summon Guardian Golem    Hex/Summ       #####...     1%          3    None
 Vampiric Draining        Necr           #####.....   1%          3    None
 Airstrike                Air            #####.....   1%          4    #......
 Animate Dead             Necr           N/A          1%          4    #......
 Fulminant Prism          Conj/Hex       #####.....   1%          4    #......
 Ice Form                 Ice/Tmut       #####...     1%          4    #......
 Petrify                  Tmut/Erth      #####...     1%          4    #......
 Blade Hands              Tmut           #####.....   3%          5    ####...
 Lightning Bolt           Conj/Air       #####.....   3%          5    ####...
 Metabolic Englaciation   Hex/Ice        #####.....   3%          5    ####...
 Silence                  Hex/Air        #####.....   3%          5    ####...
 Summon Demon             Summ           #####.....   3%          5    ####...
 Summon Forest            Summ/Tloc      #####.....   3%          5    ####...
 Yara's Violent Unravell  Hex/Tmut       #####.....   3%          5    ####...
 Conjure Ball Lightning   Conj/Air       #####.....   21%         6    ######.
 Haunt                    Necr/Summ      #####.....   71%         7    #######
 Ring of Flames           Chrm/Fire      #####.....   73%         7    #######
 Spellforged Servitor     Conj/Summ      #####.....   73%         7    #######
 Borgnjor's Revivificati  Necr           #####.....   100%        8    #######
 Ignition                 Fire           #####.....   100%        8    #######
 Summon Horrible Things   Summ           #####.....   100%        8    #######
 Dragon's Call            Summ           #####.....   100%        9    #######


Dungeon Overview and Level Annotations

Branches:
Dungeon (15/15)            Temple (1/1) D:4            Lair (6/6) D:8
 Shoals (0/4) Lair:3        Snake (0/4) Lair:3        Slime (0/5) Lair:6
    Orc (2/2) D:11            Elf (0/3) Orc:2        Vaults (0/5) D:13
 Depths (0/5) D:15        Ossuary (visited)           IceCv (visited)

Altars:
Ashenzari
Cheibriados
Dithmenos
Elyvilon
Fedhas
Gozag
Hepliaklqana
Kikubaaqudgha
Makhleb
Nemelex Xobeh
Okawaru
Qazlal
Ru
Sif Muna
Trog
Uskayaw
Vehumet
Wu Jian
Xom
Yredelemnul
Zin
The Shining One
Beogh
Jiyva

Shops:
D:4 :   D:9 =   D:11 (   D:14 *   Orc:2 =**=[(

Portals:
Gauntlet: D:15

Annotations:
D:12 2 transporters, Dwachs's ghost, journeyman TrHu
D:15 1 runed translucent door
Lair:1 3 runed translucent doors, Xeuzol's ghost, novice DEWz


Innate Abilities, Weirdness & Mutations

Your experience applies equally to all skills.
You have very sharp teeth.
Your uncanny sense of smell can sniff out nearby items.
You are surrounded by a mild repulsion field. (EV +2)
You are partially covered in large bone plates. (SH +4)


Message History

A sentinel's mark forms upon you.
An orc comes into view.
You hear a shout! x2; You hear a deafening roar!
You hear a shout!
You hear an angry hiss.
You hear a shout!
You hear an angry buzzing noise.
You hear two shouts!
You hear a shout! x4; You hear a horrible gurgling sound!
You hear a shout!
You hear a horrible gurgling sound! x2
You hear an angry buzzing noise.
You hear a shout!
You hear a croak.
Casting: Irradiate (safe; 3% risk of failure)
Confirm with . or Enter, or press ? or * to list all spells.
Aiming: Sticky Flame (safe; 1% risk of failure)
Press: ? - help, Shift-Dir - straight line, f - two-headed ogre
Aim: a two-headed ogre, wielding two +0 giant clubs (heavily wounded)
The sticky flame hits the two-headed ogre.
The two-headed ogre is severely wounded.
The two-headed ogre is covered in liquid flames!
The two-headed ogre burns!
The two-headed ogre hits you with a +0 giant club!
* * * LOW HITPOINT WARNING * * *
The two-headed ogre hits you with a +0 giant club!
You die...

.........# *,,,,,,..,,,,,,*
.#....##.# ******...*******
,#....##.# *#...*
*#....##.###########....*
,##.........)()....(.#***
,.......)...)###.#.###
*##.........(##.(..#####*****
,..........(((([........,,,,**
*##..<.......#.)@#######*,*,,*
,*#........###.O######.,,,,,,*
,*#.....(.(#*#(O)(O.O..*,,*,**
,.....(.....o..#(\O....,,,,,*
,###....)%...^...(###..**,***
,*#.....(...(.....(.,,,**,*
,.......(##........(.,,**,*
,##+#...(.##...........**,*
,*..##..(,,##.........#,,,*


You could see a two-headed ogre (burning), an ogre and an orc priest.

Vanquished Creatures
  Rupert (Lair:6)
  An orc warlord (Orc:2)
  A dire elephant (Lair:6)
  Josephine (Orc:1)
  A rakshasa (D:13)
  4 vault guards (D:13)
  9 hydras
  Harold (Orc:1)
  Erolcha (D:11)
  An ice dragon (IceCv)
  An anaconda (D:14)
  6 two-headed ogres
  A merfolk avatar (Lair:6)
  6 centaur warriors
  4 death yaks (Lair:5)
  An ogre mage (D:15)
  3 orc high priests (Orc:2)
  Urug (Lair:1)
  Nergalle (Lair:1)
  9 skeletal warriors
  2 unseen horrors
  21 wizards
  4 orc knights
  2 harpies (Lair:6)
  4 orc sorcerers
  8 deep elf magi
  An ugly thing (D:13)
  4 manticores
  10 elephants
  4 cyclopes
  2 ice statues (IceCv)
  Maurice (Orc:1)
  3 black mambas
  2 centaur skeletons (D:11)
  22 spiny frogs
  2 ice devils (Lair:4)
  A kobold demonologist (D:11)
  15 rime drakes
  A freezing wraith (D:15)
  6 komodo dragons
  10 trolls
  5 hornets
  4 polar bears
  4 dream sheep
  14 blink frogs
  7 slime creatures
  13 hippogriffs
  2 shadows
  A vampire (D:14)
  27 yaks
  4 wraiths
  12 wyverns
  A water elemental (D:14)
  6 humans (D:13)
  3 hungry ghosts
  4 vampire mosquitoes (D:14)
  9 basilisks
  6 wargs
  A soldier ant (D:11)
  3 hell hounds
  16 water moccasins
  5 porcupines
  An eye of draining (D:13)
  17 ice beasts
  28 orc warriors
  5 sky beasts
  4 black bears
  A necrophage (D:6)
  3 phantoms
  20 ogres
  18 wolves
  23 centaurs
  18 crocodiles
  18 bullfrogs
  6 big kobolds
  A scorpion (D:6)
  A troll zombie (Ossuary)
  6 killer bees (D:7)
  16 wights
  11 howler monkeys
  7 electric eels
  5 crimson imps
  2 bullfrog zombies
  A quasit (D:8)
  5 centaur zombies
  6 hounds
  2 jellies
  21 orc wizards
  A gnoll shaman (D:5)
  17 orc priests
  4 bullfrog skeletons
  4 iguanas
  Natasha (thrice) (D:3)
  12 worker ants
  A killer bee zombie (D:5)
  An ogre zombie (Ossuary)
  2 hound zombies
  7 mummies (Ossuary)
  17 adders
  10 gnolls
  2 shadow imps
  3 oozes
  4 adder zombies
  4 worms
  A dart slug (D:1)
  A leopard gecko (D:5)
  86 orcs
  9 giant cockroaches
  A gnoll zombie (Ossuary)
  7 goblins
  7 hobgoblins
  4 jackals (D:1)
  18 kobolds
  5 quokkas
  A ball python (D:1)
  4 bats
  4 frilled lizards
  5 goblin zombies (Ossuary)
  6 kobold zombies (Ossuary)
  A quokka skeleton (D:6)
  6 quokka zombies
  9 rats
  6 rat zombies (Ossuary)
  A fungus (Lair:5)
846 creatures vanquished.

Vanquished Creatures (collateral kills)
  An ice dragon (IceCv)
  Fannar (Orc:1)
  An orc knight (Orc:1)
  2 orc warriors (Orc:1)
  An ogre (Orc:1)
  A crimson imp (D:11)
  2 gnolls (Orc:1)
  5 orcs (Orc:1)
14 creatures vanquished.

Vanquished Creatures (others)
  An orc knight (Orc:2)
  A wizard (D:3)
  A human (D:13)
  An orc warrior (Orc:2)
  A kobold (D:11)
  21 fungi
  14 plants
40 creatures vanquished.

Grand Total: 900 creatures vanquished

Notes
Turn   | Place    | Note
-------+----------+-------------------------------------------
     0 | D:1      | MrRokkomies the Gnoll Wanderer began the quest for the Orb.
     0 | D:1      | MrRokkomies set off with the following items: a +0 dagger,
                  | a potion of lignification, a +0 robe, a ration; and the
                  | following spells available to memorise: Sting, Magic Dart,
                  | Blink, Call Imp, Slow, Mephitic Cloud, Conjure Flame
     0 | D:1      | Reached XP level 1. HP: 13/13 MP: 6/6
     2 | D:1      | Learned a level 1 spell: Sting
    98 | D:1      | Reached XP level 2. HP: 18/19 MP: 3/7
   113 | D:1      | Learned a level 2 spell: Call Imp
   151 | D:1      | HP: 1/30 [jackal (1)]
   549 | D:1      | Reached XP level 3. HP: 19/25 MP: 9/9
   827 | D:1      | Reached skill level 5 in Spellcasting
  1047 | D:2      | Learned a level 2 spell: Blink
  1051 | D:2      | Learned a level 3 spell: Mephitic Cloud
  1091 | D:2      | Reached skill level 1 in Invocations
  1115 | D:2      | HP: 1/25 [poisoned by an adder]
  1437 | D:2      | Reached skill level 1 in Fighting
  1437 | D:2      | Reached skill level 1 in Short Blades
  1437 | D:2      | Reached skill level 1 in Long Blades
  1437 | D:2      | Reached skill level 1 in Axes
  1437 | D:2      | Reached skill level 1 in Polearms
  1437 | D:2      | Reached skill level 1 in Staves
  1437 | D:2      | Reached skill level 1 in Slings
  1437 | D:2      | Reached skill level 1 in Bows
  1437 | D:2      | Reached skill level 1 in Crossbows
  1437 | D:2      | Reached skill level 1 in Dodging
  1437 | D:2      | Reached skill level 1 in Stealth
  1437 | D:2      | Reached skill level 1 in Shields
  1437 | D:2      | Reached skill level 1 in Unarmed Combat
  1437 | D:2      | Reached skill level 1 in Evocations
  1437 | D:2      | Reached XP level 4. HP: 20/32 MP: 8/11
  1462 | D:2      | HP: 1/32 [gnoll/stone (5)]
  2276 | D:2      | Reached skill level 1 in Conjurations
  2276 | D:2      | Reached skill level 1 in Hexes
  2276 | D:2      | Reached skill level 1 in Charms
  2276 | D:2      | Reached skill level 1 in Summonings
  2276 | D:2      | Reached skill level 1 in Translocations
  2276 | D:2      | Reached skill level 1 in Transmutations
  2276 | D:2      | Reached skill level 1 in Fire Magic
  2276 | D:2      | Reached skill level 1 in Ice Magic
  2276 | D:2      | Reached skill level 1 in Air Magic
  2276 | D:2      | Reached skill level 1 in Earth Magic
  2490 | D:3      | Noticed a phantom
  2571 | D:3      | Reached XP level 5. HP: 9/37 MP: 2/12
  2911 | D:3      | Noticed Natasha
  2924 | D:3      | Killed Natasha
  2930 | D:3      | Noticed Natasha
  2939 | D:3      | Killed Natasha
  3483 | D:3      | Noticed Natasha
  3496 | D:3      | Killed Natasha
  3496 | D:3      | Reached XP level 6. HP: 31/44 MP: 8/13
  3583 | D:3      | Found a bloodstained altar of Trog.
  3584 | D:3      | Noticed a wizard
  3589 | D:3      | Killed a wizard
  3725 | D:4      | Found a staircase to the Ecumenical Temple.
  3783 | Temple   | Entered the Ecumenical Temple
  4101 | Temple   | Became a worshipper of Sif Muna the Loreminder
  4254 | D:4      | Reached skill level 5 in Maces & Flails
  4254 | D:4      | Reached skill level 5 in Throwing
  4785 | D:4      | Found Gofuall's Book Emporium.
  4799 | D:4      | Reached XP level 7. HP: 38/50 MP: 12/15
  4942 | D:5      | Entered Level 5 of the Dungeon
  5966 | D:5      | Reached * piety under Sif Muna
  6297 | D:5      | Reached XP level 8. HP: 38/57 MP: 10/16
  6877 | D:5      | Learned a level 1 spell: Confusing Touch
  6880 | D:5      | Learned a level 2 spell: Searing Ray
  7617 | D:6      | Reached ** piety under Sif Muna
  8229 | D:6      | Reached XP level 9. HP: 57/65 MP: 18/18
  8260 | D:6      | Reached skill level 5 in Poison Magic
  8537 | D:7      | Found Reeshow's Food Shop.
  8777 | D:7      | Found a sand-covered staircase.
  8794 | Ossuary  | Entered an ossuary
  8962 | Ossuary  | Reached skill level 5 in Armour
  9555 | Ossuary  | Reached *** piety under Sif Muna
 10216 | D:7      | Reached skill level 5 in Invocations
 10271 | D:7      | Reached XP level 10. HP: 40/73 MP: 4/20
 10435 | D:7      | Paralysed by a hornet for 3 turns
 10606 | D:7      | Reached skill level 5 in Fighting
 10606 | D:7      | Reached skill level 5 in Short Blades
 10606 | D:7      | Reached skill level 5 in Long Blades
 10606 | D:7      | Reached skill level 5 in Axes
 10606 | D:7      | Reached skill level 5 in Polearms
 10606 | D:7      | Reached skill level 5 in Staves
 10606 | D:7      | Reached skill level 5 in Slings
 10606 | D:7      | Reached skill level 5 in Bows
 10606 | D:7      | Reached skill level 5 in Crossbows
 10606 | D:7      | Reached skill level 5 in Dodging
 10606 | D:7      | Reached skill level 5 in Stealth
 10606 | D:7      | Reached skill level 5 in Shields
 10606 | D:7      | Reached skill level 5 in Unarmed Combat
 10606 | D:7      | Reached skill level 5 in Evocations
 11001 | D:8      | Reached **** piety under Sif Muna
 11084 | D:8      | Found a staircase to the Lair.
 11671 | D:8      | Noticed a seven-headed hydra
 11673 | D:8      | Noticed a centaur warrior
 11694 | D:8      | Killed a centaur warrior
 11694 | D:8      | Reached skill level 5 in Necromancy
 11898 | D:8      | Killed a seven-headed hydra
 12023 | D:8      | Reached XP level 11. HP: 81/81 MP: 22/22
 12511 | Lair:1   | Entered Level 1 of the Lair of Beasts
 12713 | Lair:1   | Reached skill level 5 in Conjurations
 12713 | Lair:1   | Reached skill level 5 in Hexes
 12713 | Lair:1   | Reached skill level 5 in Charms
 12713 | Lair:1   | Reached skill level 5 in Summonings
 12713 | Lair:1   | Reached skill level 5 in Translocations
 12713 | Lair:1   | Reached skill level 5 in Transmutations
 12713 | Lair:1   | Reached skill level 5 in Fire Magic
 12713 | Lair:1   | Reached skill level 5 in Ice Magic
 12713 | Lair:1   | Reached skill level 5 in Air Magic
 12713 | Lair:1   | Reached skill level 5 in Earth Magic
 12732 | Lair:1   | Noticed Nergalle
 12905 | Lair:1   | Killed Nergalle
 13031 | Lair:1   | Found a runed translucent gate.
 13031 | Lair:1   | Found a runed translucent gate.
 13033 | Lair:1   | Found a runed translucent gate.
 13035 | Lair:1   | Noticed Xeuzol's ghost (novice DEWz)
 13035 | Lair:1   | Noticed a death ooze
 13048 | Lair:1   | Noticed Urug
 13362 | Lair:1   | Killed Urug
 14023 | Lair:1   | Found a viscous altar of Jiyva.
 14070 | Lair:2   | Noticed a seven-headed hydra
 14078 | Lair:2   | Killed a seven-headed hydra
 14727 | Lair:2   | Reached XP level 12. HP: 89/89 MP: 24/24
 14895 | Lair:2   | Reached ***** piety under Sif Muna
 15781 | Lair:2   | Got a pair of steaming boots
 15787 | Lair:2   | Identified the +2 pair of boots of Kenergh {rElec rC+} (You
                  | found it on level 2 of the Lair of Beasts)
 15989 | Lair:3   | Noticed a seven-headed hydra
 16004 | Lair:3   | Killed a seven-headed hydra
 16029 | Lair:3   | Found a staircase to the Snake Pit.
 16250 | Lair:3   | Identified Sif Muna's Catalogue of the Shifting Snowflakes
                  | (Sif Muna gifted it to you on level 3 of the Lair of
                  | Beasts)
 16250 | Lair:3   | Received a gift from Sif Muna
 16386 | Lair:3   | Learned a level 4 spell: Iskenderun's Mystic Blast
 16391 | Lair:3   | Learned a level 4 spell: Sticky Flame
 16399 | Lair:3   | Found a staircase to the Shoals.
 17659 | Lair:4   | Found a frozen archway.
 17692 | IceCv    | Entered an ice cave
 18693 | IceCv    | Reached XP level 13. HP: 98/98 MP: 21/26
 18781 | IceCv    | Noticed an ice dragon
 18783 | IceCv    | Noticed an ice dragon
 18792 | IceCv    | Killed an ice dragon
 18796 | IceCv    | Killed an ice dragon
 21037 | Lair:6   | Entered Level 6 of the Lair of Beasts
 21456 | Lair:6   | Noticed Rupert
 21483 | Lair:6   | Killed Rupert
 22391 | Lair:5   | Reached skill level 10 in Spellcasting
 22697 | Lair:5   | Reached XP level 14. HP: 83/106 MP: 24/28
 23138 | Lair:5   | Identified Sif Muna's Compendium of Creative Necromancy
                  | (Sif Muna gifted it to you on level 5 of the Lair of
                  | Beasts)
 23138 | Lair:5   | Received a gift from Sif Muna
 23309 | Lair:5   | Learned a level 4 spell: Summon Lightning Spire
 23315 | Lair:5   | Learned a level 5 spell: Fireball
 23464 | Lair:5   | Reached skill level 10 in Maces & Flails
 23464 | Lair:5   | Reached skill level 10 in Throwing
 24411 | Lair:6   | Noticed a dire elephant
 24632 | Lair:6   | Reached skill level 10 in Invocations
 24641 | Lair:6   | Killed a dire elephant
 25047 | Lair:6   | Found a staircase to the Slime Pits.
 25807 | D:9      | Found Wiegopikh's Jewellery Emporium.
 25953 | D:9      | Got an ichor-stained dagger
 25954 | D:9      | Identified the +8 dagger of Karma {drain, rElec rN+++ Int-4
                  | Stlth+} (You found it on level 9 of the Dungeon)
 26198 | D:9      | Identified Sif Muna's Compendium of Cloudy Enchantment (Sif
                  | Muna gifted it to you on level 9 of the Dungeon)
 26198 | D:9      | Received a gift from Sif Muna
 26347 | D:9      | Found a blossoming altar of Fedhas.
 26729 | D:10     | Entered Level 10 of the Dungeon
 27695 | D:11     | Found a staircase to the Orcish Mines.
 27695 | D:11     | Found Anitihoh's Weapon Boutique.
 28045 | D:11     | Reached XP level 15. HP: 103/114 MP: 29/29
 28324 | D:11     | Bought the +7 captain's cutlass {speed, disarm} for 810
                  | gold pieces
 28324 | D:11     | Found the +7 captain's cutlass {speed, disarm}
 28482 | D:11     | Reached skill level 10 in Armour
 28559 | D:11     | Noticed Erolcha
 28575 | D:11     | Received a gift from Sif Muna
 28604 | D:11     | Killed Erolcha
 28648 | D:11     | Paralysed by a wizard for 6 turns
 29095 | Orc:1    | Entered Level 1 of the Orcish Mines
 29106 | Orc:1    | Noticed Harold
 29132 | Orc:1    | Noticed Maurice
 29140 | Orc:1    | Killed Maurice
 29148 | Orc:1    | Killed Harold
 29418 | Orc:2    | Entered Level 2 of the Orcish Mines
 29418 | Orc:2    | Found Tioruixt's General Store.
 29447 | Orc:2    | Found Raosmafu's Jewellery Shop.
 29455 | Orc:1    | Noticed Fannar
 29474 | Orc:1    | Killed Fannar
 29497 | Orc:1    | Noticed Josephine
 29508 | Orc:1    | Killed Josephine
 30512 | Orc:2    | Found Mavidiu's General Store.
 30637 | Orc:2    | Noticed an orc warlord
 30659 | Orc:2    | Killed an orc warlord
 30659 | Orc:2    | Reached skill level 10 in Fighting
 30659 | Orc:2    | Reached skill level 10 in Short Blades
 30659 | Orc:2    | Reached skill level 10 in Long Blades
 30659 | Orc:2    | Reached skill level 10 in Axes
 30659 | Orc:2    | Reached skill level 10 in Polearms
 30659 | Orc:2    | Reached skill level 10 in Staves
 30659 | Orc:2    | Reached skill level 10 in Slings
 30659 | Orc:2    | Reached skill level 10 in Bows
 30659 | Orc:2    | Reached skill level 10 in Crossbows
 30659 | Orc:2    | Reached skill level 10 in Dodging
 30659 | Orc:2    | Reached skill level 10 in Stealth
 30659 | Orc:2    | Reached skill level 10 in Shields
 30659 | Orc:2    | Reached skill level 10 in Unarmed Combat
 30659 | Orc:2    | Reached skill level 10 in Evocations
 30934 | Orc:2    | Found Kaokas's Antique Armour Shop.
 31052 | Orc:2    | Identified Cis Hac's Grimoire of Creation (Sif Muna gifted
                  | it to you on level 2 of the Orcish Mines)
 31052 | Orc:2    | Received a gift from Sif Muna
 31085 | Orc:2    | Found Duylic's Jewellery Shop.
 31182 | Orc:2    | Found a roughly hewn altar of Beogh.
 31214 | Orc:2    | Found Boeckanem's Antique Weapon Emporium.
 31255 | Orc:2    | Found a staircase to the Elven Halls.
 31336 | Orc:2    | Gained mutation: You are weak. (Str -2) [a neqoxec]
 31338 | Orc:2    | Gained mutation: Your body sometimes deteriorates upon
                  | taking damage. [a neqoxec]
 31526 | Orc:2    | Bought a +6 ring of slaying for 2157 gold pieces
 31537 | Orc:2    | Learned a level 5 spell: Irradiate
 31544 | Orc:2    | Learned a level 6 spell: Starburst
 31546 | Orc:2    | Learned a level 1 spell: Summon Butterflies
 31954 | D:12     | Found a transporter.
 31958 | D:12     | Found a transporter.
 31958 | D:12     | Noticed Dwachs's ghost (journeyman TrHu)
 31958 | D:12     | Noticed a storm dragon
 32989 | D:13     | Reached XP level 16. HP: 99/123 MP: 31/31
 33718 | D:13     | Identified the cursed +0 robe of Polish {Str+6} (You found
                  | it on level 13 of the Dungeon)
 34245 | D:13     | Found a gate to the Vaults.
 34392 | D:14     | Found Qisolatz's Serpentskin Sales.
 35706 | D:14     | Lost mutation: You are weak. (Str -2) [potion of mutation]
 35706 | D:14     | Lost mutation: Your body sometimes deteriorates upon taking
                  | damage. [potion of mutation]
 35706 | D:14     | Gained mutation: You are surrounded by a mild repulsion
                  | field. (EV +2) [potion of mutation]
 35706 | D:14     | Gained mutation: You are partially covered in large bone
                  | plates. (SH +4) [potion of mutation]
 35762 | D:15     | Entered Level 15 of the Dungeon
 35821 | D:15     | Found a runed translucent door.
 35871 | D:15     | Found a gate leading to a gauntlet.
 35905 | D:15     | Received a gift from Sif Muna
 35940 | D:15     | Reached skill level 10 in Poison Magic
 35950 | D:15     | Slain by a two-headed ogre

Levels and vault maps discovered:
D:1:      minmay_arrival_open_corners, layout_basic
D:2:      layout_loops_cross, first_ration, serial_park_tiny_2
D:3:      layout_rooms, trog_wizard, uniq_natasha
D:4:      layout_rooms, temple_pool_b, serial_shops, shop
D:5:      layout_basic
D:6:      minmay_diamond_boxcup, layout_basic
D:7:      layout_rooms, serial_shops, nicolae_shop_waterfront, enter_ossuary_4,
          serial_bayou_pond_a, minmay_the_grid_2x2 [minmay_the_grid_pillar_ring,
          minmay_the_grid_slots, minmay_the_grid_diamond_grid,
          minmay_the_grid_prize_four_corners]
D:8:      minmay_bloctagon_deflated, layout_gridville, minmay_lair_entry_grove
D:9:      layout_basic, lemuel_coloured_pillars_altar, serial_shops, shop
D:10:     layout_grid_maze
D:11:     layout_loops_ring, orc_david_3, hangedman_pestilent_swarm,
          lightli_wizard_tower, uniq_erolcha
D:12:     layout_loops_ring, gammafunk_ghost_arena, minmay_diced_spiral
D:13:     minmay_tri_stars, layout_basic, ximxim_vaults_locker_room
D:14:     layout_stronghold, chequers_big_river, guppyfry_shop_venom
D:15:     grunt_enter_depths_hoard, layout_rooms, gauntlet_entry_generic,
          muffindrake_ghost_dual_entry, minmay_misc_feat_pillars
Temple:   dpeg_three_leaves_temple
Lair:1:   layout_chaotic_city, gammafunk_ghost_ooze,
          chequers_serial_rivers_large_b, serial_bayou_pond_a, minivault_26,
          uniq_urug, uniq_nergalle
Lair:2:   layout_cave_pods
Lair:3:   layout_regular_city, minmay_shoals_entry_beasts, dummy_snake_entry,
          serial_bayou_shore_a
Lair:4:   layout_roguey, portal_ice_cave_demonic_guard
Lair:5:   layout_regular_city
Lair:6:   gammafunk_lair_ancient_temple, layout_long_grid,
          minmay_slime_entry_pillars, special_room [special_room_mythical_zoo],
          uniq_rupert
Orc:1:    layout_diamond_mine, uniq_josephine, uniq_harold, uniq_fannar,
          uniq_maurice
Orc:2:    grunt_orc_gardens, layout_diamond_mine, grunt_orc_garden,
          grunt_orc_garden, grunt_orc_garden, grunt_orc_garden, serial_shops,
          nicolae_shop_stone, shop, mines1_david

Skill      XL: |  1  2  3  4  5  6  7  8  9 10 11 12 13 14 15 16 |
---------------+-------------------------------------------------+-----
Necromancy     | 2 3 4 5 6 7 8 9 |  9.5
Spellcasting   | 5 6 7 8 9 10 11 | 11.8
Invocations    | 1 2 3 4 5 6 7 8 9 10 11 | 11.7
Fighting       | 1 2 3 4 5 6 7 8 9 10 | 10.9
Short Blades   | 1 2 3 4 5 6 7 8 9 10 | 10.9
Long Blades    | 1 2 3 4 5 6 7 8 9 10 | 10.9
Axes           | 1 2 3 4 5 6 7 8 9 10 | 10.9
Polearms       | 1 2 3 4 5 6 7 8 9 10 | 10.9
Staves         | 1 2 3 4 5 6 7 8 9 10 | 10.9
Slings         | 1 2 3 4 5 6 7 8 9 10 | 10.9
Bows           | 1 2 3 4 5 6 7 8 9 10 | 10.9
Crossbows      | 1 2 3 4 5 6 7 8 9 10 | 10.9
Dodging        | 1 2 3 4 5 6 7 8 9 10 | 10.9
Stealth        | 1 2 3 4 5 6 7 8 9 10 | 10.9
Shields        | 1 2 3 4 5 6 7 8 9 10 | 10.9
Unarmed Combat | 1 2 3 4 5 6 7 8 9 10 | 10.9
Evocations     | 1 2 3 4 5 6 7 8 9 10 | 10.9
Conjurations   | 1 2 3 4 5 6 7 8 9 |  9.2
Hexes          | 1 2 3 4 5 6 7 8 9 |  9.2
Charms         | 1 2 3 4 5 6 7 8 9 |  9.2
Summonings     | 1 2 3 4 5 6 7 8 9 |  9.2
Translocations | 1 2 3 4 5 6 7 8 9 |  9.2
Transmutations | 1 2 3 4 5 6 7 8 9 |  9.2
Fire Magic     | 1 2 3 4 5 6 7 8 9 |  9.2
Ice Magic      | 1 2 3 4 5 6 7 8 9 |  9.2
Air Magic      | 1 2 3 4 5 6 7 8 9 |  9.2
Earth Magic    | 1 2 3 4 5 6 7 8 9 |  9.2
Armour         | 3 4 5 6 7 8 9 10 11 | 11.1
Poison Magic   | 4 5 6 7 8 9 10 | 10.0
Maces & Flails | 5 6 7 8 9 10 11 | 11.7
Throwing       | 5 6 7 8 9 10 11 | 11.7

Action                   |  1- 3 |  4- 6 |  7- 9 | 10-12 | 13-15 | 16-18 || total
-------------------------+-------+-------+-------+-------+-------+-------++-------
Melee: Dagger            |    86 |   153 |       |       |   100 |       ||   339
       Bite              |     5 |    21 |    64 |    31 |   114 |    18 ||   253
       Quarterstaff      |       |    44 |    59 |       |       |       ||   103
       Spear             |       |       |   465 |   315 |    47 |       ||   827
       Punch             |       |       |     8 |    11 |    38 |     6 ||    63
       Short sword       |       |       |    29 |     8 |       |       ||    37
       Scimitar          |       |       |     2 |       |   218 |       ||   220
       Cutlass           |       |       |       |       |   359 |    99 ||   458
 Fire: Shortbow          |       |       |       |   559 |  1154 |   273 ||  1986
Throw: Stone             |       |     4 |       |       |       |       ||     4
       Dart              |       |     7 |     7 |     3 |       |       ||    17
       Throwing net      |       |       |     1 |       |     2 |       ||     3
 Cast: Sting             |    17 |    20 |     5 |    14 |     7 |       ||    63
       Mephitic Cloud    |       |     1 |       |     7 |       |       ||     8
       Searing Ray       |       |       |     7 |     6 |     2 |       ||    15
       Blink             |       |       |     4 |    31 |    66 |     1 ||   102
       Call Imp          |       |       |     2 |       |     1 |       ||     3
       Confusing Touch   |       |       |       |     3 |     2 |       ||     5
       Iskenderun's Myst |       |       |       |     5 |    16 |       ||    21
       Sticky Flame      |       |       |       |     3 |    12 |     2 ||    17
       Fireball          |       |       |       |       |    10 |     1 ||    11
       Summon Lightning  |       |       |       |       |     3 |     1 ||     4
       Ignition          |       |       |       |       |     1 |       ||     1
       Starburst         |       |       |       |       |       |     3 ||     3
       Irradiate         |       |       |       |       |       |     1 ||     1
Invok: Forget Spell      |       |       |       |       |     3 |       ||     3
       Divine Exegesis   |       |       |       |       |     1 |       ||     1
Evoke: Wand              |       |       |       |     1 |     5 |     3 ||     9
       Phial of floods   |       |       |       |       |     1 |       ||     1
       Lamp of fire      |       |       |       |       |       |     1 ||     1
  Use: Potion            |     3 |       |     4 |     5 |     2 |     1 ||    15
       Scroll            |       |     4 |    16 |     9 |     9 |     3 ||    41
 Stab: Sleeping          |     2 |       |    27 |     5 |    20 |       ||    54
       Held in net/web   |       |       |     1 |       |     2 |       ||     3
       Distracted        |       |       |     1 |     1 |     3 |       ||     5
       Confused          |       |       |       |    14 |       |       ||    14
  Eat: Chunk             |     1 |    11 |    12 |    12 |    25 |     2 ||    63
       Ration            |       |       |     2 |     5 |     7 |     2 ||    16
Armor: Robe              |     9 |       |    14 |       |   140 |    19 ||   182
       Skin              |    58 |       |    21 |       |       |       ||    79
       Ring mail         |    11 |    58 |    28 |       |       |       ||    97
       Leather armour    |     7 |       |    58 |   110 |   184 |       ||   359
Dodge: Dodged            |    60 |   133 |   304 |   389 |   999 |    90 ||  1975
Block: Other             |       |       |       |       |       |     4 ||     4
       Rpst.: Scimitar   |       |       |     1 |       |    45 |       ||    46

Table legend:
 A = Non-vault XP
 B = Vault XP
 C = Vault XP percentage of total XP
 D = Non-vault monster count
 E = Vault monster count
 F = Vault count percentage of total count
                 A         B        C        D         E       F
            +---------+---------+-------+---------+---------+-------
      Total |   94142 |   75055 |  44.4 |     609 |     252 |  29.3
            +---------+---------+-------+---------+---------+-------
        D:1 |      40 |       0 |   0.0 |      23 |       0 |   0.0
        D:2 |     112 |       0 |   0.0 |      23 |       0 |   0.0
        D:3 |     132 |      35 |  21.0 |      21 |       1 |   4.5
        D:4 |     349 |       0 |   0.0 |      12 |       0 |   0.0
        D:5 |    1140 |       0 |   0.0 |      42 |       0 |   0.0
        D:6 |     470 |     266 |  36.1 |      18 |       8 |  30.8
        D:7 |    1394 |    2408 |  63.3 |      24 |      29 |  54.7
        D:8 |    1030 |    2569 |  71.4 |      21 |       7 |  25.0
        D:9 |     825 |       0 |   0.0 |      22 |       0 |   0.0
       D:10 |    4819 |       0 |   0.0 |      32 |       0 |   0.0
       D:11 |    6070 |    2572 |  29.8 |      43 |      12 |  21.8
       D:12 |    3661 |    1566 |  30.0 |      22 |       5 |  18.5
       D:13 |    7345 |   21741 |  74.7 |      40 |      35 |  46.7
       D:14 |    9657 |     927 |   8.8 |      31 |       1 |   3.1
       D:15 |   10461 |       0 |   0.0 |      17 |       0 |   0.0
     Lair:1 |    3686 |    1643 |  30.8 |      16 |       2 |  11.1
     Lair:2 |    5200 |       0 |   0.0 |      22 |       0 |   0.0
     Lair:3 |    4242 |     803 |  15.9 |      18 |       2 |  10.0
     Lair:4 |    6673 |     698 |   9.5 |      24 |       2 |   7.7
     Lair:5 |   10880 |    7062 |  39.4 |      34 |      22 |  39.3
     Lair:6 |    8761 |   15556 |  64.0 |      35 |      35 |  50.0
      Orc:1 |    4925 |    4799 |  49.4 |      45 |      10 |  18.2
      Orc:2 |    2270 |    7656 |  77.1 |      24 |      24 |  50.0
    Ossuary |       0 |     399 | 100.0 |       0 |      37 | 100.0
      IceCv |       0 |    4355 | 100.0 |       0 |      20 | 100.0
            +---------+---------+-------+---------+---------+-------
